AoeStats
← Tr3vorTW

Black Forest

510605698Analyzed
4v4 RM · 11h ago on Oct 1, 2026· 68m 41s· 8 players
Game mode
Random Map
Map size
Large (8 player)
Population
200
Speed
Normal
Resources
Standard
Victory
Conquest
Starting age
Dark Age
Ending age
Imperial Age
RankedLock teamsTeams togetherTeam positionsShared explorationLock speedFull tech treeHidden civsTurbo modeCheats
Victory
Defeat
🇧🇪 Goths · Belgium
964
+14
🇹🇷 Teutons · Türkiye
913
+16
🇹🇷 Wei · Türkiye
848
+19
🇬🇧 Magyars · United Kingdom
794
+21
🇹🇼 Mongols · Taiwan
981
-20
🇺🇸 Franks · United States
910
-17
🇵🇱 Danes · Poland
907
-48
🇨🇳 Bohemians · China
874
-16
BuDrakexn
2:16 Loom
12:11 Feudal Age
13:47 Wheelbarrow
12:59 Double-Bit Axe
18:17 Castle Age
22:11 Stone Mining
22:59 Gold Mining
26:03 Scale Barding Armor
30:22 Chain Barding Armor
30:12 Forging
30:23 Husbandry
34:39 Imperial Age
33:33 Hand Cart
33:30 Bow Saw
33:59 Gold Shaft Mining
34:13 Caravan
35:07 Murder Holes
34:48 Cavalier
35:31 Chivalry
35:53 Conscription
36:23 Iron Casting
36:23 Plate Barding Armor
36:51 Paladin
39:02 Blast Furnace
38:34 Ballistics
38:56 Light Cavalry
40:52 Padded Archer Armor
40:43 Fletching
55:59 Squires
56:07 Pikeman
57:23 Scale Mail Armor
58:02 Halberdier
59:16 Chain Mail Armor
62:03 Chain Mail Armor
64:38 Man-at-Arms
Tr3vorTW
6:42 Loom
12:45 Feudal Age
13:55 Double-Bit Axe
16:57 Castle Age
14:59 Horse Collar
16:22 Stone Mining
17:50 Bow Saw
18:56 Heavy Plow
20:23 Fletching
22:28 Gold Mining
25:31 Bodkin Arrow
29:01 Ballistics
32:01 Imperial Age
31:39 Wheelbarrow
31:21 Caravan
31:53 Padded Archer Armor
32:34 Town Watch
33:33 Gold Shaft Mining
33:42 Stone Shaft Mining
33:57 Conscription
34:50 Bracer
35:53 Chemistry
35:34 Elite Mangudai
36:40 Drill
36:49 Leather Archer Armor
37:00 Nomads
37:11 Capped Ram
38:25 Murder Holes
40:45 Hoardings
40:26 Masonry
40:34 Thumb Ring
40:31 Husbandry
40:43 Bloodlines
41:50 Siege Ram
47:02 Hand Cart
46:48 Town Patrol
48:00 Onager
49:18 Siege Onager
51:39 Siege Engineers
KamsoN
12:15 Feudal Age
12:53 Double-Bit Axe
12:51 Horse Collar
14:04 Fishing Lines
17:17 Wheelbarrow
17:07 Gold Mining
17:24 Stone Mining
23:21 Castle Age
24:55 Caravan
26:18 Bow Saw
26:23 Forging
26:14 Scale Mail Armor
29:19 Gold Shaft Mining
28:47 Heavy Plow
29:28 Iron Casting
29:09 Chain Mail Armor
29:25 Hand Cart
33:56 Imperial Age
31:15 Town Watch
31:15 Loom
31:34 Gillnets
31:36 Hamask
32:32 Arson
32:48 Squires
35:50 Elite Varangian Guard
37:49 Blast Furnace
38:31 Town Patrol
39:10 Capped Ram
40:41 Plate Mail Armor
40:19 Fletching
41:43 Siege Ram
43:39 Conscription
42:43 Elite Jomsviking
49:24 Conscription
52:50 Chemistry
52:11 Ballistics
51:58 Pikeman
53:36 Halberdier
67:06 Masonry
66:41 Arrowslits
66:53 Murder Holes
ydyk123
4:50 Loom
11:24 Feudal Age
11:54 Double-Bit Axe
16:51 Castle Age
14:58 Horse Collar
18:00 Bow Saw
25:55 Heavy Plow
29:54 Imperial Age
28:27 Wheelbarrow
28:48 Fletching
28:59 Padded Archer Armor
28:51 Crossbowman
29:28 Fishing Lines
31:05 Hand Cart
31:26 Leather Archer Armor
31:06 Bodkin Arrow
32:25 Two-Man Saw
32:28 Chemistry
31:49 Ballistics
31:27 Gillnets
31:14 Arbalester
32:35 Pikeman
33:15 Squires
33:01 Arson
33:43 Forging
33:34 Scale Mail Armor
33:37 Bracer
35:56 Ring Archer Armor
36:03 Iron Casting
35:43 Chain Mail Armor
35:54 Caravan
36:31 Halberdier
38:15 Blast Furnace
38:01 Houfnice
40:37 Plate Mail Armor
46:07 Man-at-Arms
51:13 Long Swordsman
52:09 Two-Handed Swordsman
52:56 Champion
54:33 Scale Barding Armor
58:33 Coinage
58:14 Guilds
doktoryigitck
0:27 Loom
14:33 Feudal Age
15:13 Double-Bit Axe
15:40 Stone Mining
16:42 Gold Mining
19:29 Castle Age
17:44 Horse Collar
21:31 Wheelbarrow
23:32 Town Watch
24:37 Bow Saw
24:42 Fervor
27:24 Hand Cart
32:18 Imperial Age
30:45 Forging
30:51 Heavy Plow
31:34 Gold Shaft Mining
32:08 Town Patrol
34:04 Conscription
34:12 Caravan
34:41 Scale Barding Armor
34:24 Pikeman
36:59 Chemistry
36:10 Fortified Wall
36:21 Squires
36:06 Arson
37:53 Stone Shaft Mining
39:09 Coinage
39:10 Chain Barding Armor
38:51 Scale Mail Armor
38:34 Treadmill Crane
38:45 Heated Shot
38:52 Murder Holes
40:32 Block Printing
40:53 Theocracy
40:26 Husbandry
39:46 Heavy Hei Guang Cavalry
41:08 Tuntian
42:52 Light Cavalry
43:42 Bloodlines
43:21 Fishing Lines
43:30 Demolition Ship
45:03 Masonry
44:43 Guard Tower
46:13 Parthian Tactics
46:45 Iron Casting
46:01 Fletching
46:12 Padded Archer Armor
46:28 Onager
49:27 Illumination
50:36 Crop Rotation
50:38 Halberdier
52:28 Hussar
54:23 Chain Mail Armor
55:09 Blast Furnace
54:10 Elite Skirmisher
54:27 Man-at-Arms
57:22 Long Swordsman
59:48 Two-Handed Swordsman
62:02 Padded Archer Armor
61:58 Bodkin Arrow
64:11 Banking
Chris
12:27 Feudal Age
15:01 Double-Bit Axe
20:04 Castle Age
21:40 Wheelbarrow
24:35 Bow Saw
28:13 Horse Collar
28:35 Loom
29:49 Hand Cart
29:20 Town Watch
29:54 Heavy Plow
30:10 Stone Mining
30:12 Gold Mining
33:32 Corvinian Army
34:02 Treadmill Crane
35:13 Gold Shaft Mining
35:23 Scale Barding Armor
38:26 Imperial Age
37:19 Bloodlines
37:09 Husbandry
37:52 Murder Holes
38:52 Chain Barding Armor
39:52 Conscription
38:57 Elite Magyar Huszar
40:26 Plate Barding Armor
41:09 Conscription
41:14 Fletching
42:35 Crop Rotation
47:59 Ballistics
48:41 Chemistry
47:52 Masonry
47:43 Bodkin Arrow
49:02 Two-Man Saw
58:16 Bracer
62:22 Caravan
69:25 Coinage
aramanis5760
12:51 Feudal Age
17:14 Castle Age
15:29 Double-Bit Axe
15:53 Horse Collar
19:10 Bow Saw
22:54 Gold Mining
24:04 Wheelbarrow
29:38 Imperial Age
28:02 Anarchy
28:19 Forging
28:34 Scale Mail Armor
28:38 Heavy Plow
29:14 Squires
30:06 Iron Casting
30:04 Hand Cart
30:47 Chain Mail Armor
30:34 Perfusion
30:55 Conscription
32:05 Blast Furnace
34:38 Elite Huskarl
46:25 Pikeman
48:11 Crop Rotation
48:49 Two-Man Saw
50:40 Halberdier
sonsehzadee
10:23 Feudal Age
16:55 Castle Age
15:03 Double-Bit Axe
15:00 Horse Collar
15:34 Stone Mining
21:42 Wheelbarrow
22:34 Heavy Plow
22:23 Loom
23:18 Gold Mining
24:34 Hand Cart
26:55 Caravan
28:07 Stone Shaft Mining
28:47 Coinage
28:39 Bow Saw
32:46 Imperial Age
32:08 Ironclad
33:46 Scale Barding Armor
33:52 Forging
33:43 Scale Mail Armor
34:46 Chemistry
33:53 Siege Engineers
34:17 Conscription
34:18 Crenellations
33:33 Elite Teutonic Knight
35:09 Crop Rotation
35:42 Two-Man Saw
41:01 Heavy Scorpion
42:35 Bloodlines
48:56 Cavalier
50:20 Cavalier
52:02 Paladin
63:06 Padded Archer Armor
62:57 Fletching
63:37 Elite Skirmisher
Connection lost

Rejoining the realm…

Still unreachable

The connection could not be restored.

Session expired

The server has moved on; the page needs a fresh start.